 Dungeon Crawl Stone Soup version 0.29.0-7-g18a832c13a (webtiles) character file.

Game seed: 1362530298152950316

394 darknessisbestgirl the Trooper (level 6, 0/58 HPs)
             Began as a Minotaur Fighter on Aug 31, 2022.
             Succumbed to Dowan's poison
             ... on level 4 of the Dungeon.
             The game lasted 00:15:55 (3915 turns).

darknessisbestgirl the Trooper (Minotaur Fighter)   Turns: 3915, Time: 00:15:55

Health: 0/58       AC: 15    Str: 22    XL:     6   Next: 52%
Magic:  5/5        EV:  6    Int:  5    God:
Gold:   139        SH:  4    Dex: 10    Spells: 5/5 levels left

rFire   . . .      SeeInvis .   a - +0 long sword
rCold   + . .      Faith    .   c - +0 buckler
rNeg    + . .      Spirit   .   i - +1 plate armour {Will+}
rPois   .          Reflect  .   (helmet restricted)
rElec   .          Harm     .   q - +0 cloak
rCorr   .          Rampage  .   (no gloves)
Will    +....                   u - +0 pair of boots
Stlth   ..........              (no amulet)
HPRegen 0.19/turn               o - ring of protection from cold
MPRegen 0.09/turn               v - ring of positive energy

@: mighty, brilliant, lethally poisoned (0 -> -18)
A: horns 2, retaliatory headbutt
a: no special abilities


You were on level 4 of the Dungeon.
You visited 1 branch of the dungeon, and saw 4 of its levels.

You collected 139 gold pieces.

Inventory:

Hand Weapons
 a - a +0 long sword (weapon)
 k - the +6 dagger "Tedyimi" {spect, rElec rC+ Dex+4}
   (You found it on level 2 of the Dungeon)

   When its wielder attacks, the weapon's spirit leaps out and strikes again.
   The spirit shares a part of any damage it takes with its wielder.
   Dex:       It affects your dexterity (+4).
   rC:        It protects you from cold.
   rElec:     It insulates you from electricity.
 p - a +2 quarterstaff of chaos
 r - a +5 spear of flaming
Missiles
 A - a throwing net (quivered)
Armour
 b - a +0 scale mail
 c - a +0 buckler (worn)
 i - a +1 plate armour of willpower (worn)
 q - a +0 cloak (worn)
 u - a +0 pair of boots (worn)
Jewellery
 o - a ring of protection from cold (left hand)
 v - a ring of positive energy (right hand)
Wands
 x - a wand of flame (21)
Scrolls
 f - a scroll of immolation {unknown}
 g - 4 scrolls of fear {unknown}
 h - 6 scrolls of identify {unknown}
 l - 2 scrolls of silence {unknown}
 m - a scroll of enchant weapon {unknown}
 s - a scroll of fog {unknown}
 t - a scroll of magic mapping {unknown}
 w - 2 scrolls of teleportation {unknown}
 y - a scroll of amnesia {unknown}
Potions
 d - 2 potions of might
 e - a potion of heal wounds {unknown}
 j - a potion of ambrosia {unknown}
 n - 2 potions of attraction {unknown}


   Skills:
 + Level 6.6 Fighting
 + Level 6.0 Long Blades
 - Level 3.9 Armour
 - Level 3.9 Shields


You had 5 spell levels left.
You didn't know any spells.
Your spell library contained the following spells:

 Spells                   Type           Power      Damage    Failure   Level
 Sublimation of Blood     Necr           0%         N/A       100%        2
 Wereblood                Tmut           0%         N/A       100%        2
 Call Canine Familiar     Summ           0%         N/A       100%        3
 Portal Projectile        Hex/Tloc       0%         N/A       100%        3
 Leda's Liquefaction      Hex/Erth       0%         N/A       100%        4
 Summon Hydra             Summ           0%         N/A       100%        7


Dungeon Overview and Level Annotations

Branches:
Dungeon (4/15)
 Temple: D:4-7

Altars:
Kikubaaqudgha
Wu Jian

Shops:
D:4 *

Annotations:
D:4 Dowan, Duvessa


Innate Abilities, Weirdness & Mutations

You have a pair of horns on your head.
You reflexively headbutt those who attack you in melee.


Message History

Dowan is moderately wounded.
You feel very sick. Dowan hits you but does no damage.
You are more poisoned.
Duvessa barely misses you.
You miss Dowan.
Dowan is moderately wounded.
You feel very sick. Dowan hits you but does no damage.
You are more poisoned.
You block Duvessa's attack.
You closely miss Dowan. You headbutt Dowan!
Dowan is heavily wounded.
You feel very sick. Dowan completely misses you. You furiously retaliate!
You headbutt Dowan. Duvessa hits you but does no damage.
You closely miss Dowan.
Dowan is heavily wounded.
You feel very sick.
Dowan hits you with a +0 dagger of venom.
You are lethally poisoned!
Duvessa hits you but does no damage.
You feel very mighty all of a sudden.
* * * LOW HITPOINT WARNING * * *
You feel very sick. Duvessa hits you with a +0 short sword.
* * * LOW HITPOINT WARNING * * *
Dowan hits you but does no damage.
You are more poisoned.
It was a potion of brilliance.
You feel clever all of a sudden.
* * * LOW HITPOINT WARNING * * *
You feel very sick.
Duvessa says, "When magic and the sword combine, nothing stands against them."
You block Duvessa's attack.
Dowan mumbles some strange words.
Dowan blinks!
You slash Duvessa! Your headbutt misses Duvessa.
Duvessa is heavily wounded.
You die...

##.#####........###
#.........##.....)#
##.#.......####..)<)
#.....###..##.....#)
#.....# #...........
##...## #......#.###
......#.##
##.......# #######∩#
###...### #....#@##
#...# ##.§e## #...#
#.....# #....e#
#.........#
......#......
...............
.....##........
#.#.. ....>.###


You could see Duvessa and Dowan.

Vanquished Creatures
  Crazy Yiuf (D:2)
  2 gnoll boudas (D:4)
  An iguana (D:4)
  Natasha (twice) (D:2)
  Robin (D:3)
  8 gnolls
  4 adders
  2 worms (D:2)
  A dart slug (D:3)
  2 orcs (D:3)
  13 ball pythons
  8 endoplasms
  3 giant cockroaches
  12 goblins
  9 hobgoblins
  7 jackals
  3 quokkas (D:1)
  6 bats
  4 frilled lizards
  6 kobolds
  13 rats
108 creatures vanquished.

Vanquished Creatures (others)
  A fungus (D:2)
  A plant (D:1)
2 creatures vanquished.

Grand Total: 110 creatures vanquished

Notes
Turn   | Place    | Note
-------+----------+-------------------------------------------
     0 | D:1      | darknessisbestgirl the Minotaur Fighter began the quest for
                  | the Orb.
     0 | D:1      | Reached XP level 1. HP: 19/19 MP: 0/0
   209 | D:1      | Reached XP level 2. HP: 17/27 MP: 1/1
   673 | D:1      | Reached XP level 3. HP: 33/33 MP: 2/2
  1103 | D:2      | Identified the +6 dagger "Tedyimi" {spect, rElec rC+ Dex+4}
  1355 | D:2      | Noticed Natasha
  1360 | D:2      | Killed Natasha
  1361 | D:2      | Reached XP level 4. HP: 35/41 MP: 3/3
  1722 | D:2      | Reached skill level 5 in Fighting
  1825 | D:2      | Noticed Natasha
  1831 | D:2      | Killed Natasha
  1895 | D:2      | Found a runed translucent door.
  1896 | D:2      | Noticed Crazy Yiuf
  2135 | D:2      | Killed Crazy Yiuf
  2136 | D:2      | Reached XP level 5. HP: 42/48 MP: 4/4
  2235 | D:3      | Noticed Robin
  2273 | D:3      | Killed Robin
  2414 | D:3      | Reached skill level 5 in Long Blades
  2491 | D:3      | Found a glowing drain.
  2533 | D:3      | Found an ornate altar of the Wu Jian Council.
  2860 | D:3      | Found an ancient bone altar of Kikubaaqudgha.
  3101 | D:3      | Found a faded altar of an unknown god.
  3389 | D:4      | Reached XP level 6. HP: 38/57 MP: 5/5
  3888 | D:4      | Found Kieklue's Neck Hole.
  3896 | D:4      | Noticed Duvessa
  3897 | D:4      | Noticed Dowan
  3915 | D:4      | Succumbed to Dowan's poison

Illustrated notes

Levels and vault maps discovered:
D:1:      lightli_arrival_lavapool, layout_basic, serial_bayou,
          serial_bayou_pond_b, serial_bayou_lagoon_a, serial_bayou_ford_a,
          serial_bayou_pond_c
D:2:      layout_basic, fountainhead, minivault_5, grunt_ministairs_6,
          uniq_natasha, uniq_crazy_yiuf_cottage
D:3:      layout_rooms, nicolae_wu_jian_glorious_leap,
          mainiacjoe_overflow_cross_hatched,
          hellmonk_ecumenical_altar_prayer_group, portal_sewer_entry_e,
          amcnicky_mini_pool_small, grunt_decor_arrowhead, uniq_robin
D:4:      layout_loops_cross, grunt_decor_resistance,
          nicolae_shop_sticking_my_neck_out, uniq_duvessa, uniq_ijyb

Skill      XL: |  1  2  3  4  5  6 |
---------------+-------------------+-----
Fighting       | 4 5 6 |  6.6
Long Blades    | 3 4 5 6 |  6.0
Armour         | |  3.9
Shields        | |  3.9

Action                   |  1- 3 |  4- 6 || total
-------------------------+-------+-------++-------
Melee: Long sword        |    87 |   174 ||   261
       Headbutt          |    10 |    29 ||    39
  Use: Potion            |       |     2 ||     2
Armor: Scale mail        |    34 |       ||    34
       Plate armour      |    53 |   174 ||   227
Dodge: Dodged            |    52 |    71 ||   123
Block: Buckler           |    26 |    56 ||    82
